 Dungeon Crawl Stone Soup version 0.20.1-1-g8b1a95d66d (webtiles) character file.

165 Popi the Skirmisher (level 5, -1/42 HPs)
             Began as a Human Fighter on Dec 27, 2017.
             Killed by divine providence
             ... invoked by an orc priest
              (10 damage)
             ... on level 4 of the Dungeon.
             The game lasted 00:05:41 (2664 turns).

Popi the Skirmisher (Human Fighter)                 Turns: 2664, Time: 00:05:41

Health: -1/42      AC:  9    Str: 17    XL:     5   Next: 75%
Magic:  5/5        EV:  9    Int:  9    God:
Gold:   138        SH:  0    Dex: 12    Spells: 4/4 levels left

rFire    . . .     SeeInvis .   a - +0 long sword
rCold    . . .     Gourm    .   (no shield)
rNeg     . . .     Faith    .   b - +0 scale mail
rPois    .         Spirit   .   m - +0 helmet
rElec    .         Reflect  .   (no cloak)
rCorr    .         Harm     .   (no gloves)
MR       .....                  r - +0 pair of boots
Stlth    ..........             (no amulet)
Regen    0.2/turn               (no ring)
MPRegen  0.1/turn               (no ring)

@: no status effects
A: no striking features
a: no special abilities


You were on level 4 of the Dungeon.
You were very hungry.

You visited 1 branch of the dungeon, and saw 4 of its levels.

You collected 138 gold pieces.

Inventory:

Hand Weapons
 a - a +0 long sword (weapon)
Armour
 b - a +0 scale mail (worn)
 m - a +0 helmet (worn)
 r - a +0 pair of boots (worn)
Jewellery
 n - an uncursed ring of protection from fire {unknown}
Scrolls
 c - 5 scrolls of identify {unknown}
 h - a scroll of teleportation {unknown}
 j - 2 scrolls of noise {unknown}
 p - a scroll of recharging {unknown}
 q - a scroll of blinking {unknown}
 s - a scroll of remove curse {unknown}
 x - a scroll of enchant weapon {unknown}
Potions
 d - 2 potions of might
 e - 2 potions of curing
 g - a potion of agility {unknown}
 o - 2 potions of heal wounds {unknown}
 t - a potion of berserk rage {unknown}
 u - a potion of flight {unknown}
 v - a potion of lignification {unknown}
 w - a potion of brilliance {unknown}
Comestibles
 f - 2 bread rations
 i - 2 royal jellies
 k - 3 meat rations
 l - a fruit


   Skills:
 - Level 4.0 Fighting
 - Level 4.0 Long Blades
 + Level 3.9 Armour
   Level 3.0 Shields


You had 4 spell levels left.
You didn't know any spells.

Dungeon Overview and Level Annotations

Branches:
Dungeon (4/15)
 Temple: D:4-7

Altars:
Kikubaaqudgha
Ru
Vehumet
The Shining One

Annotations:
D:3 Jynx's ghost, amateur DrTm
D:4 Eustachio


Message History

Beogh smites you!
* * * LOW HITPOINT WARNING * * *
The river rat bites you but does no damage.
The hobgoblin zombie barely misses you. The hound closely misses you.
Eustachio says, "My allies will avenge me."
Eustachio gestures wildly while chanting.
Eustachio blinks!
The orc skeleton misses you.
An orc priest comes into view. It is wielding a club.
The orc priest shouts!
The hound bites you but does no damage. The hobgoblin zombie hits you.
* * * LOW HITPOINT WARNING * * *
The orc skeleton completely misses you.
You riposte.
You hit the orc skeleton.
You destroy the orc skeleton!
The hound barely misses you. The hound bites you but does no damage.
Eustachio gestures wildly while chanting.
Eustachio blinks!
The orc priest mumbles some strange prayers to Beogh against you.
Beogh smites you!
You die... ....# ....### ..#...... ?#.... .#o.S..## # .##.###.. '.._..' .. .§.@..##.
ZZoS. ... .####.##..
Z5Z

.... <..##.##.. ###Z#
##.....
.#.##.##..##.#Z##.......
....#.##..§.o.rr@....#
.§....##...§...h.....#
#...####.##..#........#
#...# #.##.##..#.#.#.#
#...####.....(..#.#.....
.......r....@...... ...(
..........##.#..##.. ...
..........##.#..# #.....
#...#####.# .# ...


You could see Eustachio, a hound, an orc priest, a river rat, a hobgoblin zombie
and a rat.

Vanquished Creatures
  A crimson imp (D:3)
  5 adders
  An ooze (D:2)
  2 worms
  3 dart slugs
  4 leopard geckos
  2 orcs (D:3)
  7 bats
  4 giant cockroaches
  8 goblins
  3 hobgoblins
  2 jackals (D:1)
  8 kobolds
  2 quokkas
  2 ball pythons (D:2)
  6 frilled lizards
  A kobold zombie (D:4)
  2 orc skeletons (D:4)
  8 rats
71 creatures vanquished.

Vanquished Creatures (others)
  5 toadstools (D:1)
5 creatures vanquished.

Grand Total: 76 creatures vanquished

Notes
Turn   | Place    | Note
-------+----------+-------------------------------------------
     0 | D:1      | Popi the Human Fighter began the quest for the Orb.
     0 | D:1      | Reached XP level 1. HP: 18/18 MP: 1/1
    59 | D:1      | Reached XP level 2. HP: 24/24 MP: 2/2
   274 | D:1      | Reached XP level 3. HP: 30/30 MP: 3/3
   808 | D:2      | Reached XP level 4. HP: 24/37 MP: 4/4
  1960 | D:3      | Found a sacrificial altar of Ru.
  1994 | D:3      | Noticed Jynx's ghost (amateur DrTm)
  2008 | D:3      | Reached XP level 5. HP: 31/42 MP: 5/5
  2169 | D:3      | Found a radiant altar of Vehumet.
  2229 | D:3      | Found an ancient bone altar of Kikubaaqudgha.
  2526 | D:4      | Noticed Eustachio
  2654 | D:4      | Found a glowing golden altar of the Shining One.
  2664 | D:4      | Killed from afar by an orc priest

Skill      XL: |  1  2  3  4  5 |
---------------+----------------+-----
Fighting       | 4 |  4.0
Long Blades    | 3 4 |  4.0
Armour         | |  3.9
Shields        | |  3.0

Action                   |  1- 3 |  4- 6 || total
-------------------------+-------+-------++-------
Melee: Long sword        |    57 |   194 ||   251
  Use: Potion            |       |     1 ||     1
  Eat: Chunk             |       |     5 ||     5
Armor: Scale mail        |    35 |   145 ||   180
Dodge: Dodged            |    36 |   147 ||   183
       Rpst.: Long sword |    14 |    40 ||    54
